 Dungeon Crawl Stone Soup version 0.30-a0-918-g0ff054e9dc (webtiles) character file.

Game seed: 16463569968067730126

7 Parcival the Conjurer (level 2, 17/17 HPs)
             Began as an Octopode Conjurer on Mar 20, 2023.
             Quit the game on level 1 of the Dungeon.
             The game lasted 00:01:44 (187 turns).

Parcival the Conjurer (Octopode Conjurer)            Turns: 187, Time: 00:01:44

Health: 17/17      AC:  1    Str:  6    XL:     2   Next: 4%
Magic:  5/5        EV: 13    Int: 20    God:
Gold:   17         SH:  0    Dex: 10    Spells: 4/5 levels left

rFire   . . .      SeeInvis .    (no weapon)
rCold   . . .      Faith    .    (no shield)
rNeg    . . .      Spirit   .    (helmet restricted)
rPois   .          Reflect  .    (no amulet)
rElec   .          Rampage  .    (no ring)
rCorr   .                        (no ring)
Will    .....                    (no ring)
Stlth   +++                      (no ring)
HPRegen 0.22/turn                (no ring)
MPRegen 0.09/turn                (no ring)
                                 (no ring)
                                 (no ring)

@: no status effects
A: almost no armour, amphibious, 8 rings, camouflage 1, gelatinous body 1,
(nimble swimmer 1), tentacles
a: no special abilities


You were on level 1 of the Dungeon.
You visited 1 branch of the dungeon, and saw 1 of its levels.

You collected 17 gold pieces.

Inventory:

Scrolls
 b - a scroll of enchant weapon {unknown}
 c - a scroll of enchant armour {unknown}
Potions
 a - a potion of magic


   Skills:
 + Level 2.1 Dodging
 + Level 2.9 Stealth
 + Level 2.0 Spellcasting
 + Level 4.2 Conjurations


You had 4 spell levels left.
You knew the following spells:

 Your Spells              Type           Power      Damage    Failure   Level
a - Magic Dart            Conj           76%        1d6       2%          1

Your spell library contained the following spells:

 Spells                   Type           Power      Damage    Failure   Level
 Searing Ray              Conj           38%        2d5       4%          2
 Dazzling Flash           Conj/Hex       20%        N/A       21%         3
 Fulminant Prism          Conj/Hex       5%         3d7       54%         4
 Iskenderun's Mystic Bla  Conj/Tloc      10%        2d4       54%         4


Dungeon Overview and Level Annotations

Branches:
Dungeon (1/15)

Altars:


Innate Abilities, Weirdness & Mutations

You cannot wear most types of armour.
You are amphibious.
You can wear up to eight rings at the same time.
Your skin changes colour to match your surroundings (Stealth+).
Your rubbery body absorbs attacks. (AC +1, EV +1)
((You are camouflaged when in or above water. (Stealth+)))
You have tentacles for arms and can constrict up to eight enemies at once.


Message History

The magic dart hits the giant cockroach.
The giant cockroach is almost dead.
Casting: Magic Dart (safe; 2% risk of failure)
Confirm with . or Enter, or press ? or * to list all spells.
Aiming: Magic Dart (safe; 2% risk of failure)
Press: ? - help, Shift-Dir - straight line, f/p - giant cockroach
Aim: a giant cockroach (severely wounded, 100% to hit)
The magic dart hits the giant cockroach.
The giant cockroach is almost dead.
Casting: Magic Dart (safe; 2% risk of failure)
Confirm with . or Enter, or press ? or * to list all spells.
You don't have enough magic to cast this spell.
Casting: Magic Dart (safe; 2% risk of failure)
Confirm with . or Enter, or press ? or * to list all spells.
You don't have enough magic to cast this spell.
The giant cockroach bites you.
The giant cockroach completely misses you.
The giant cockroach bites you but does no damage.
You tentacle-slap the giant cockroach but do no damage.
You grab the giant cockroach.
You squeeze the giant cockroach, but do no damage.
The giant cockroach is almost dead.
You constrict the giant cockroach.
You kill the giant cockroach!
You have reached level 2!
Welcome back, Parcival the Octopode Conjurer.
Press ? for a list of commands and other information.
HP restored.
Magic restored.
A bat comes into view.
Found a stone staircase leading down.
There's nothing to open nearby.
Are you sure you want to abandon this character and quit the game? (Confirm with "yes".)
Okay, then.
Unknown command.
Saving game... please wait.
Welcome back, Parcival the Octopode Conjurer.
Press ? for a list of commands and other information.
Unknown command.
Are you sure you want to abandon this character and quit the game? (Confirm with "yes".)

.........## ..††......#
..#### ..~~~.(...#.
#....# .~...~....#..
#$...# # .~.<.~....#..
#....#.# .~...~....#.#
##......## ..~~~...(.#.#
#........# ..........#.#
#........#
.........##.###†@......#
........###...'.........
.......####.###.........
#.....## #....+........b
......# #..###........>
#####.# #..# #########.
#.####..#####
#..†........#
#.####.†......


You could see a bat (asleep).

Vanquished Creatures
  A bat (D:1)
  A giant cockroach (D:1)
  A hobgoblin (D:1)
  2 jackals (D:1)
  A ball python (D:1)
6 creatures vanquished.

Notes
Turn   | Place    | Note
-------+----------+-------------------------------------------
     0 | D:1      | Parcival the Octopode Conjurer began the quest for the Orb.
     0 | D:1      | Reached XP level 1. HP: 11/11 MP: 3/3
   137 | D:1      | Reached XP level 2. HP: 16/17 MP: 0/5
   187 | D:1      | Quit the game

Illustrated notes

Levels and vault maps discovered:
D:1:      enne_arrival_octagon_isle, layout_basic

Action                     || total
---------------------------++-------
  Melee: Unarmed           ||     8
         Constrict         ||     3
         Tentacles         ||     2
   Cast: Magic Dart        ||    10
 Armour: Skin              ||     3
  Dodge: Dodged            ||     9

Table legend: (Time is in decaauts)
 A = Elapsed time spent in this place.
 B = Non-inter-level travel time spent in this place.
 C = Inter-level travel time spent in this place.
 D = Time resting spent in this place.
 E = Time spent auto-exploring this place.
 F = Levels seen in this place.
 G = Mean time per level.
                   A        B        C        D        E       F      G
               +--------+--------+--------+--------+--------+-----+--------+
         Total |    187 |    187 |      0 |      0 |    148 |   1 |  187.0 |
       Dungeon |    187 |    187 |      0 |      0 |    148 |   1 |  187.0 |
               +--------+--------+--------+--------+--------+-----+--------+

Top non-repeatable levels by time:
     D:1: 187 daAuts
